 Dungeon Crawl Stone Soup version 0.20-a0-1073-g49e0d3e (webtiles) character file.

19441 MirrMurr the Spear-Bearer (level 12, -7/99 HPs)
             Began as a Demonspawn Berserker on Apr 29, 2017.
             Was a High Priest of Trog.
             Mangled by an entropy weaver (11 damage)
             ... on level 4 of the Lair of Beasts.
             The game lasted 00:35:46 (11986 turns).

MirrMurr the Spear-Bearer (Demonspawn Berserker)   Turns: 11986, Time: 00:35:47

Health: -7/99      AC: 10    Str: 26    XL:     12   Next: 36%
Magic:  12/12      EV: 10    Int:  8    God:    Trog [*****.]
Gold:   903        SH:  9    Dex: 14    Spells: 11/11 levels left

rFire    + . .     SeeInvis +   a - +3 trident (protect)
rCold    . . .     Gourm    .   d - +0 buckler
rNeg     . . .     Faith    .   F - +0 plate armour
rPois    .         Spirit   .   (helmet restricted)
rElec    +         Reflect  +   (no cloak)
rCorr    .         Harm     .   (gloves unavailable)
MR       .....                  w - +1 pair of boots
Stlth    ..........             y - amulet "Ewiu" {Reflect rElec rF+ Str+4 SH+6 SInv}
Regen    0.3/turn               (no ring)
MPRegen  0.2/turn               (no ring)

@: corroded, protection aura, slowed, very slow
A: claws 3, horns 1, talons 2, powered by pain 1, rot immunity
a: Berserk, Trog's Hand, Brothers in Arms, Burn Spellbooks, Renounce Religion


You were on level 4 of the Lair of Beasts.
You worshipped Trog.
Trog was extremely pleased with you.
You were near starving.

You visited 3 branches of the dungeon, and saw 16 of its levels.

You collected 903 gold pieces.

Inventory:

Hand Weapons
 a - a +3 trident of protection (weapon)
 b - a +0 blowgun
 m - a +0 glaive
Missiles
 h - 18 tomahawks (quivered)
 A - 74 poisoned needles
Armour
 d - a +0 buckler (worn)
 w - a +1 pair of boots (worn)
 F - a +0 plate armour (worn)
Jewellery
 y - the amulet "Ewiu" (around neck) {Reflect rElec rF+ Str+4 SH+6 SInv}
   (You found it on level 4 of the Dungeon)

   [amulet of reflection]

   It shields you and reflects attacks.
   It affects your strength (+4).
   It protects you from fire.
   It insulates you from electricity.
   It lets you see invisible.
   It affects your SH (+6).
 C - an uncursed ring of ice {unknown}
Wands
 s - a wand of disintegration (12/24)
 u - a wand of acid (15/15)
 B - a wand of flame (15/48)
 I - a wand of iceblast (5/15)
 M - a wand of confusion (16/48)
 O - a wand of polymorph (11/24)
Scrolls
 f - 2 scrolls of blinking
 g - 2 scrolls of enchant weapon
 j - 3 scrolls of enchant armour
 k - 2 scrolls of immolation
 p - 3 scrolls of fog
 r - a scroll of identify
 t - 5 scrolls of teleportation
 E - 3 scrolls of magic mapping
 H - 4 scrolls of recharging
 N - a scroll of remove curse
Potions
 e - 3 potions of heal wounds
 l - 4 potions of curing
 v - 4 potions of lignification
 x - 5 potions of mutation
 z - 3 potions of flight
 D - 2 potions of agility
 G - 5 potions of degeneration
 K - 2 potions of cancellation
Books
 i - a Young Poisoner's Handbook

   Spells                             Type                      Level
   a - Sting                          Conjuration/Poison           1
   b - Poisonous Vapours              Poison/Air                   2
   c - Mephitic Cloud                 Conjuration/Poison/Air       3
   d - Olgreb's Toxic Radiance        Poison                       4
   e - Venom Bolt                     Conjuration/Poison           5
   Trog disapproves of the use of such an item.
Miscellaneous
 L - a sack of spiders
Comestibles
 c - 9 bread rations
 n - 30 fruits
 o - 6 royal jellies
 q - 4 meat rations


   Skills:
 + Level 10.7 Fighting
 * Level 13.4 Polearms
 + Level 7.0 Armour
 - Level 6.7 Dodging


You had 11 spell levels left.
You didn't know any spells.

Dungeon Overview and Level Annotations

Branches:
Dungeon (11/15)            Temple (1/1) D:5            Lair (4/6) D:10
  Swamp (0/4) Lair:3        Snake (0/4) Lair:3
    Orc: D:9-12

Altars:
Cheibriados
Dithmenos
Fedhas
Gozag
Hepliaklqana
Kikubaaqudgha
Nemelex Xobeh
Okawaru
Qazlal
Trog
Vehumet
Wu Jian
Yredelemnul
Zin

Shops:
D:6 (


Innate Abilities, Weirdness & Mutations

You have claws for hands.
You have a pair of small horns on your head.
You have razor-sharp toenails.
You sometimes gain a little power by taking damage.
You are immune to rotting.


Message History

* * * LOW HITPOINT WARNING * * *
The soldier ant stings you.
* * * LOW HITPOINT WARNING * * *
You hit the entropy weaver but do no damage.
The entropy weaver is moderately wounded.
You block the entropy weaver's attack. x2; The entropy weaver hits you.
* * * LOW HITPOINT WARNING * * *
The entropy weaver hits you but does no damage.
You barely miss the entropy weaver.
The entropy weaver is moderately wounded.
The soldier ant stings you but does no damage.
Unknown command.
You hit the entropy weaver but do no damage.
The entropy weaver is moderately wounded.
You are no longer berserk.
You are exhausted.
You feel yourself slow down.
The entropy weaver hits you but does no damage.
The entropy weaver barely misses you. The entropy weaver hits you!
You die...

...........#...##.............P..
....P#....#######............P...
#.........#### ##.....>P.........
.....##..##...##........##.#.##..
......#.................###......
#...#............................
..⌠.#............................
....#...........a................
#.....#....}...<@................
.†...##...#.#..#a#...............
##.### ..##.#####....P.#.# ..#..
.....####.##....##....##. ...
#.#.#..#.⌠.............# #..
.......÷........# ...##
..⌠......<.⌠....#
......#.........#
##.##.##.⌠.##...#


You could see an entropy weaver and a soldier ant.

Vanquished Creatures
  An entropy weaver (Lair:4)
  A hydra (D:11)
  Erica (D:8)
  2 two-headed ogres
  An unseen horror (D:10)
  7 spiny frogs
  A rime drake (Lair:1)
  2 komodo dragons
  A troll (D:10)
  A polar bear (Lair:2)
  3 hippogriffs
  10 blink frogs
  A wyvern (D:9)
  9 yaks
  A vampire (D:11)
  A wraith (D:10)
  A hungry ghost (D:9)
  A basilisk (Lair:1)
  A steam dragon (D:9)
  Edmund (D:5)
  2 soldier ants (Lair:4)
  9 water moccasins
  4 orc warriors
  2 porcupines (Lair:3)
  2 black bears
  3 ice beasts
  5 sky beasts
  A phantom (D:11)
  A necrophage (D:9)
  5 ogres
  6 centaurs
  5 crocodiles
  6 big kobolds
  14 bullfrogs
  A gnoll sergeant (D:8)
  A wyvern skeleton (D:3)
  2 scorpions
  3 howler monkeys
  5 killer bees
  5 wights (D:6)
  An electric eel (Lair:3)
  8 crimson imps
  2 bullfrog zombies
  A quasit (D:11)
  A centaur zombie (D:5)
  4 hounds
  2 orc priests
  2 bullfrog skeletons
  3 jellies
  6 orc wizards
  2 iguanas
  7 worker ants
  A hound skeleton (D:4)
  7 gnolls
  11 adders
  A shadow imp (D:10)
  3 adder zombies
  2 worms
  2 dart slugs (D:1)
  3 leopard geckos
  19 orcs
  12 bats
  9 giant cockroaches
  8 goblins
  9 hobgoblins
  17 jackals
  6 quokkas
  2 ball pythons
  3 frilled lizards
  A jackal skeleton (D:5)
  26 kobolds
  A leopard gecko skeleton (D:4)
  9 rats
320 creatures vanquished.

Vanquished Creatures (others)
  A kobold (D:7)
1 creature vanquished.

Grand Total: 321 creatures vanquished

Notes
Turn   | Place    | Note
-------+----------+-------------------------------------------
     0 | D:1      | MirrMurr the Demonspawn Berserker began the quest for the Orb.
     0 | D:1      | Reached XP level 1. HP: 18/18 MP: 1/1
   119 | D:1      | Reached skill level 3 in Polearms
   119 | D:1      | Gained mutation: You have sharp fingernails. [demonic ancestry]
   119 | D:1      | Reached XP level 2. HP: 17/24 MP: 2/2
   631 | D:1      | Gained mutation: You sometimes gain a little power by taking damage. [demonic ancestry]
   631 | D:1      | Reached XP level 3. HP: 21/29 MP: 3/3
   776 | D:1      | Reached ** piety under Trog
  1491 | D:2      | Gained mutation: You are immune to rotting. [demonic ancestry]
  1491 | D:2      | Reached XP level 4. HP: 36/36 MP: 4/4
  2040 | D:3      | Reached skill level 4 in Polearms
  2114 | D:3      | Gained mutation: You have a pair of small horns on your head. [demonic ancestry]
  2114 | D:3      | Reached XP level 5. HP: 36/42 MP: 5/5
  2265 | D:4      | Reached *** piety under Trog
  2316 | D:4      | Found an ornate altar of the Wu Jian Council.
  2681 | D:4      | Reached XP level 6. HP: 48/48 MP: 6/6
  2698 | D:4      | Reached skill level 5 in Polearms
  2787 | D:4      | Got a scorched iron amulet
  3168 | D:5      | Entered Level 5 of the Dungeon
  3285 | D:5      | Gained mutation: You have very sharp fingernails. [demonic ancestry]
  3285 | D:5      | Reached XP level 7. HP: 41/55 MP: 7/7
  3370 | D:5      | Found a staircase to the Ecumenical Temple.
  3393 | Temple   | Entered the Ecumenical Temple
  3417 | D:5      | Identified the amulet "Ewiu" {Reflect rElec rF+ Str+4 SH+6 SInv} (You found it on level 4 of the Dungeon)
  3418 | D:5      | @> woooooow
  3546 | D:5      | Noticed Edmund
  3559 | D:5      | Killed Edmund
  3573 | D:5      | Found a bloodstained altar of Trog.
  3643 | D:5      | Reached skill level 6 in Polearms
  3811 | D:5      | Reached skill level 5 in Fighting
  3817 | D:5      | Reached **** piety under Trog
  3946 | D:6      | Reached XP level 8. HP: 60/63 MP: 8/8
  4002 | D:6      | Reached skill level 7 in Polearms
  4165 | D:6      | Found Ihuipt's Antique Weapon Shoppe.
  4643 | D:7      | Reached skill level 5 in Dodging
  4749 | D:7      | Reached skill level 8 in Polearms
  4972 | D:7      | Received a gift from Trog
  5097 | D:7      | Reached XP level 9. HP: 40/71 MP: 9/9
  5553 | D:8      | Noticed a two-headed ogre
  5561 | D:8      | Killed a two-headed ogre
  5561 | D:8      | Reached skill level 9 in Polearms
  6453 | D:8      | Noticed Erica
  6478 | D:8      | Killed Erica
  6486 | D:8      | Gained mutation: You have sharp toenails. [demonic ancestry]
  6486 | D:8      | Reached XP level 10. HP: 77/80 MP: 10/10
  6641 | D:9      | Reached skill level 10 in Polearms
  7534 | D:9      | Noticed a two-headed ogre
  7543 | D:9      | Killed a two-headed ogre
  7742 | D:10     | Entered Level 10 of the Dungeon
  7782 | D:10     | Found a staircase to the Lair.
  7815 | D:10     | Reached skill level 11 in Polearms
  8182 | D:10     | Reached ***** piety under Trog
  8196 | D:10     | Noticed an unseen horror
  8200 | D:10     | Killed an unseen horror
  8300 | D:10     | Gained mutation: You have claws for hands. [demonic ancestry]
  8300 | D:10     | Reached XP level 11. HP: 84/89 MP: 11/11
  8657 | D:11     | Reached skill level 5 in Armour
  8866 | D:11     | Noticed a seven-headed hydra
  8871 | D:11     | Killed a seven-headed hydra
  8871 | D:11     | Reached skill level 12 in Polearms
  9163 | Lair:1   | Entered Level 1 of the Lair of Beasts
  9792 | Lair:2   | Received a gift from Trog
  9911 | Lair:2   | Reached skill level 10 in Fighting
 10628 | Lair:3   | Gained mutation: You have razor-sharp toenails. [demonic ancestry]
 10628 | Lair:3   | Reached XP level 12. HP: 97/97 MP: 12/12
 10949 | Lair:3   | Found a staircase to the Snake Pit.
 10981 | Lair:3   | Reached skill level 13 in Polearms
 10985 | Lair:3   | Found a staircase to the Swamp.
 11744 | Lair:4   | Noticed an entropy weaver
 11746 | Lair:4   | Noticed an entropy weaver
 11975 | Lair:4   | Killed an entropy weaver
 11984 | Lair:4   | HP: 5/148 [entropy weaver (4)]
 11986 | Lair:4   | Mangled by an entropy weaver

Vault maps used:
D:1:      dpeg_arrival_line_fractal
D:3:      first_bread
D:4:      cheibrodos_quashed, overflow_temple_1_default
D:5:      minmay_temple_entry_statues_pillars, grunt_decor_arrowhead,
          bloody_trog, uniq_edmund
D:6:      serial_shops, kennysheep_little_box
D:7:      kennysheep_cross_room
D:8:      blue_anna_alchemist, uniq_erica
D:10:     lair_entry_dummy
Temple:   dpeg_three_leaves_temple
Lair:3:   swamp_mist, minivault_19
Lair:4:   minivault_23, minmay_another_anthill, grunt_megastairs_1

Skill      XL: |  1  2  3  4  5  6  7  8  9 10 11 12 |
---------------+-------------------------------------+-----
Polearms       | 3 4 5 6 8 9 11 12 13 | 13.4
Dodging        | 2 3 4 5 6 |  6.7
Fighting       | 4 5 6 7 9 10 | 10.7
Armour         | 4 6 7 |  7.0

Action                   |  1- 3 |  4- 6 |  7- 9 | 10-12 || total
-------------------------+-------+-------+-------+-------++-------
Melee: Spear             |   169 |    23 |       |       ||   192
       Trident           |       |   143 |   249 |   717 ||  1109
       Headbutt          |       |    12 |    47 |   166 ||   225
 Fire: Blowgun           |       |       |     9 |       ||     9
Invok: Berserk           |     3 |     1 |     5 |     8 ||    17
       Burn Spellbooks   |       |       |       |     1 ||     1
  Use: Scroll            |       |     3 |    13 |    10 ||    26
       Potion            |       |       |     2 |       ||     2
 Stab: Sleeping          |     1 |       |       |       ||     1
  Eat: Chunk             |     4 |     8 |     9 |    21 ||    42
       Bread ration      |       |       |     1 |       ||     1
       Meat ration       |       |       |       |     1 ||     1
Armor: Animal skin       |    18 |       |       |       ||    18
       Ring mail         |    28 |       |       |       ||    28
       Scale mail        |       |    71 |    67 |       ||   138
       Plate armour      |       |       |       |   244 ||   244
Dodge: Dodged            |    89 |    77 |   101 |   207 ||   474
Block: Other             |       |       |    49 |   100 ||   149
       Reflection        |       |       |     7 |     4 ||    11
       Buckler           |       |       |       |    41 ||    41
